 Dungeon Crawl Stone Soup version 0.29.1-2-gbd0b4ee654 (webtiles) character file.

Game seed: 17021166251074053471

38 fireball365 the Covered (level 3, -4/31 HPs)
             Began as a Minotaur Fighter on Oct 26, 2022.
             Was a Follower of Sif Muna.
             Slain by an orc priest
             ... wielding a +0 war axe
              (5 damage)
             ... on level 2 of the Dungeon.
             The game lasted 00:04:59 (1224 turns).

fireball365 the Covered (Minotaur Fighter)          Turns: 1224, Time: 00:05:02

Health: -4/31      AC: 10    Str: 22    XL:     3   Next: 25%
Magic:  2/2        EV: 13    Int:  5    God:    Sif Muna [*.....]
Gold:   95         SH:  4    Dex:  9    Spells: 2/2 levels left

rFire   . . .      SeeInvis .   a - +0 war axe
rCold   . . .      Faith    .   c - +0 buckler
rNeg    . . .      Spirit   .   b - +0 scale mail
rPois   .          Reflect  .   (helmet restricted)
rElec   .          Harm     .   m - +2 cloak
rCorr   .          Rampage  .   (no gloves)
Will    .....                   (no boots)
Stlth   ..........              (no amulet)
HPRegen 0.10/turn               f - +4 ring of evasion
MPRegen 0.08/turn               (no ring)

@: mighty
A: horns 2, retaliatory headbutt
a: Renounce Religion, Channel Magic


You were on level 2 of the Dungeon.
You worshipped Sif Muna.
Sif Muna was aware of your devotion.
You visited 1 branch of the dungeon, and saw 2 of its levels.

You collected 95 gold pieces.

Inventory:

Hand Weapons
 a - a +0 war axe (weapon)
Missiles
 e - 17 stones (quivered)
 k - 4 poisoned darts
Armour
 b - a +0 scale mail (worn)
 c - a +0 buckler (worn)
 m - a +2 cloak (worn)
Jewellery
 f - a +4 ring of evasion (left hand)
Scrolls
 h - a scroll of silence {unknown}
 i - 2 scrolls of teleportation {unknown}
 j - a scroll of summoning {unknown}
 l - 2 scrolls of immolation {unknown}
Potions
 g - 4 potions of curing {unknown}


   Skills:
 - Level 3.6 Fighting
 * Level 3.6 Axes
 + Level 4.1 Armour
 + Level 4.1 Shields


You had 2 spell levels left.
You didn't know any spells.
Your spell library was empty.

Dungeon Overview and Level Annotations

Branches:
Dungeon (2/15)

Altars:
Sif Muna

Shops:
D:1 [


Innate Abilities, Weirdness & Mutations

You have a pair of horns on your head.
You reflexively headbutt those who attack you in melee.


Message History

You kill the worm!
Sif Muna accepts your kill.
g - 4 glowing sapphire potions (gained 1)
Found a falchion and 7 gold pieces.
A kobold comes into view. It is wielding a +0 war axe.
The kobold shouts!
You hear a shout! x2
Found a dagger.
An orc priest comes into view. It is wielding a +0 war axe.
An orc comes into view. It is wielding a +0 dagger.
The orc shouts!
The orc priest shouts!
The kobold hits you but does no damage.
The orc moves out of view.
An orc comes into view. It is wielding a +0 hand axe.
The orc moves out of view.
The kobold misses you.
A hobgoblin comes into view.
The hobgoblin shouts!
You see here 7 gold pieces.
You closely miss the kobold. The kobold closely misses you.
The kobold hits you but does no damage.
You hit the orc priest.
The orc priest is lightly wounded.
You barely miss the kobold. The kobold hits you but does no damage.
The orc priest closely misses you.
You closely miss the orc priest.
The orc priest is lightly wounded.
You barely miss the kobold. The kobold barely misses you.
The orc priest hits you with a +0 war axe.
You barely miss the orc priest.
The orc priest is lightly wounded.
You closely miss the kobold. The kobold closely misses you.
The orc priest mumbles some strange prayers to Beogh against you.
Beogh smites you!
* * * LOW HITPOINT WARNING * * *
The kobold closely misses you. You block the hobgoblin's attack.
The orc priest hits you with a +0 war axe.
* * * LOW HITPOINT WARNING * * *
You hear a shout!
You feel very mighty all of a sudden.
The orc priest hits you with a +0 war axe.
You die...

#... ##### .... .....
#.. ####... #..
.....#.## #.# #....#
#.#########....#
#####.............# #
#.)..#Kg##........##.#
o.'o..#o@##............#
.##...###.#....†....####
.... #...#......)....#
.#...
#.#.###........#.## #..
##) #.######'#... ...
##..#####....##
.......[.....#
##########....# #....#


You could see an orc priest, a hobgoblin and a kobold.

Vanquished Creatures
  A worm (D:2)
  A dart slug (D:1)
  4 ball pythons
  2 bats
  5 endoplasms
  3 giant cockroaches
  2 hobgoblins
  2 quokkas (D:1)
  3 goblins (D:1)
  3 kobolds
  3 rats
29 creatures vanquished.

Notes
Turn   | Place    | Note
-------+----------+-------------------------------------------
     0 | D:1      | fireball365 the Minotaur Fighter began the quest for the
                  | Orb.
     0 | D:1      | Reached XP level 1. HP: 19/19 MP: 0/0
   215 | D:1      | Reached XP level 2. HP: 26/26 MP: 1/1
   289 | D:1      | Found a faded altar of an unknown god.
   303 | D:1      | Prayed at the altar of an unknown god.
   303 | D:1      | Became a worshipper of Sif Muna the Loreminder
   303 | D:1      | Reached * piety under Sif Muna
   482 | D:1      | Found Gapp's Armour Shop.
   895 | D:2      | Reached XP level 3. HP: 31/31 MP: 2/2
  1223 | D:2      | HP: 1/31 [orc priest/+0 war axe (5)]
  1224 | D:2      | Slain by an orc priest

Illustrated notes

Levels and vault maps discovered:
D:1:      dpeg_arrival_stone_temple_mockup, layout_loops_ring, serial_shops,
          nicolae_square_shop, ebering_ecumenical_altar_rust
D:2:      layout_basic, nrook_loot_triangle, minmay_pentomino_r4

Skill      XL: |  1  2 |
---------------+-------+-----
Axes           | 3 |  3.6
Armour         | 4 |  4.1
Shields        | 4 |  4.1
Fighting       | |  3.6

Action                   || total
-------------------------++-------
Melee: War axe           ||    60
       Headbutt          ||     5
  Use: Potion            ||     1
Armor: Scale mail        ||    19
Dodge: Dodged            ||    41
Block: Buckler           ||    12
